 Dungeon Crawl Stone Soup version 0.28.0-45-g0d030f2227 (webtiles) character file.

Game seed: 954710758429540311

6 DungeonMaster the Conjurer (level 1, 0/14 HPs)
             Began as a Demonspawn Wanderer on Apr 17, 2022.
             Slain by a ball python (1 damage)
             ... on level 1 of the Dungeon.
             The game lasted 00:00:34 (195 turns).

DungeonMaster the Conjurer (Demonspawn Wanderer)     Turns: 195, Time: 00:00:35

Health: 0/14       AC:  2    Str:  9    XL:     1   Next: 75%
Magic:  1/2        EV: 11    Int: 14    God:
Gold:   0          SH:  0    Dex: 14    Spells: 1/2 levels left

rFire   . . .      SeeInvis .   a - +2 dagger
rCold   . . .      Faith    .   (no shield)
rNeg    . . .      Spirit   .   e - +0 robe
rPois   .          Reflect  .   (no helmet)
rElec   .          Harm     .   (no cloak)
rCorr   .          Rampage  .   (no gloves)
Will    .....                   (no boots)
Stlth   ++........              (no amulet)
HPRegen 0.04/turn               (no ring)
MPRegen 0.08/turn               (no ring)

@: no status effects
A: no striking features
a: no special abilities


You were on level 1 of the Dungeon.
You visited 1 branch of the dungeon, and saw 1 of its levels.

Inventory:

Hand Weapons
 a - a +2 dagger (weapon)
 d - a +0 dagger
Missiles
 c - 11 poisoned darts (quivered)
Armour
 e - a +0 robe (worn)
Scrolls
 b - a scroll of fear
Potions
 f - a potion of brilliance {unknown}


   Skills:
 * Level 0.9 Fighting
 - Level 1.0 Throwing
 * Level 0.7 Dodging
 - Level 2.6 Stealth
 - Level 1.0 Spellcasting
 - Level 4.0 Conjurations
 - Level 1.2 Invocations


You had one spell level left.
You knew the following spells:

 Your Spells              Type           Power      Damage    Failure   Level
a - Foxfire               Conj/Fire      24%        2x1d5     12%         1

Your spell library contained the following spells:

 Spells                   Type           Power      Damage    Failure   Level
 Dazzling Flash           Conj/Hex       12%        N/A       34%         3


Dungeon Overview and Level Annotations

Branches:
Dungeon (1/15)

Altars:


Message History

The frilled lizard is heavily wounded.
The frilled lizard bites you.
You closely miss the frilled lizard.
The frilled lizard is heavily wounded.
The frilled lizard unfolds its giant frill.
The frilled lizard misses you.
Number of times to repeat, then command key: You must enter the number of times for the command to repeat.
Casting: Foxfire (safe; 12% risk of failure)
Confirm with . or Enter, or press ? or * to list all spells.
You conjure some foxfire!
The frilled lizard bites you.
The foxfire hits the frilled lizard.
You kill the frilled lizard!
The foxfire hits the goblin.
The goblin is heavily wounded.
Casting: Foxfire (safe; 12% risk of failure)
Confirm with . or Enter, or press ? or * to list all spells.
You conjure some foxfire!
The goblin hits you with a +0 club.
* * * LOW HITPOINT WARNING * * *
The foxfire hits the goblin.
You kill the goblin!
The foxfire hits the kobold.
The kobold is severely wounded.
Casting: Foxfire (safe; 12% risk of failure)
Confirm with . or Enter, or press ? or * to list all spells.
You don't have enough magic to cast this spell.
You barely miss the kobold.
The kobold is severely wounded.
The kobold hits you with a +0 short sword.
* * * LOW HITPOINT WARNING * * *
You closely miss the kobold.
The kobold is severely wounded.
The kobold barely misses you.
You hit the kobold.
You kill the kobold!
A ball python comes into view.
The ball python hisses angrily.
A hobgoblin comes into view.
The ball python bites you.
You die...

###.##
#.##..##.#
##.##
#........# ###
#####.#### #.#
#####S####
#........# #
#.###.##.# .##
#.##.# g..##
#.##@###.....#
#..S....#
####.##.# #.#
.# #.# .. ..#
### ###


You could see a ball python.

Vanquished Creatures
  A ball python (D:1)
  An endoplasm (D:1)
  A frilled lizard (D:1)
  2 goblins (D:1)
  A kobold (D:1)
6 creatures vanquished.

Vanquished Creatures (others)
  4 foxfires (D:1)
4 creatures vanquished.

Grand Total: 10 creatures vanquished

Notes
Turn   | Place    | Note
-------+----------+-------------------------------------------
     0 | D:1      | DungeonMaster the Demonspawn Wanderer began the quest for
                  | the Orb.
     0 | D:1      | DungeonMaster set off with the following items: a +2
                  | dagger, a scroll of fear, 11 poisoned darts, a +0 dagger, a
                  | +0 robe; and the following spell memorised: Foxfire; and
                  | the following spells available to memorise: Dazzling Flash
     0 | D:1      | Reached XP level 1. HP: 13/13 MP: 2/2
    85 | D:1      | Found Riseorgh's Jewellery Boutique.
   132 | D:1      | Found a faded altar of an unknown god.
   195 | D:1      | Slain by a ball python

Illustrated notes

Levels and vault maps discovered:
D:1:      dpeg_arrival_morbid_curiosity, layout_loops_corners,
          shapermc_ecumenical_altar_mp_highgroup, serial_shops,
          nicolae_shop_behind_doors, nicolae_shop_crystal, shop_fountains, shop,
          minmay_misc_feat_diagonals, chequers_serial_rivers_micro_c

Action                   || total
-------------------------++-------
Melee: Dagger            ||    13
 Cast: Foxfire           ||     2
 Stab: Sleeping          ||     2
Armor: Robe              ||     1
Dodge: Dodged            ||     5
